 Dungeon Crawl Stone Soup version 0.23.2-1-ga50397a (webtiles) character file.

Game seed: 3650833148242489167

229 Tango the Chopper (level 5, -6/63 HPs)
             Began as a Demonspawn Berserker on May 27, 2019.
             Was a Priest of Trog.
             Splashed by Ijyb's acid (13 damage)
             ... on level 3 of the Dungeon.
             The game lasted 00:04:45 (2331 turns).

Tango the Chopper (Demonspawn Berserker)            Turns: 2331, Time: 00:04:47

Health: -6/63      AC:  2    Str: 24    XL:     5   Next: 71%
Magic:  5/5        EV: 11    Int:  8    God:    Trog [***...]
Gold:   111        SH:  0    Dex: 12    Spells: 4/4 levels left

rFire    + . .     SeeInvis .   a - +0 hand axe
rCold    . . .     Gourm    .   (no shield)
rNeg     . . .     Faith    .   d - +0 ring mail {rF+}
rPois    .         Spirit   .   (no helmet)
rElec    .         Reflect  .   (no cloak)
rCorr    .         Harm     .   (no gloves)
MR       ++...                  l - +0 pair of boots
Stlth    ..........             (no amulet)
HPRegen  1.20/turn              (no ring)
MPRegen  0.09/turn              (no ring)

@: berserking, corroded, regenerating, very quick
A: claws 1, hooves 2, powered by death 1
a: Berserk, Trog's Hand, Renounce Religion


You were on level 3 of the Dungeon.
You worshipped Trog.
Trog was most pleased with you.
You were very hungry.

You visited 1 branch of the dungeon, and saw 3 of its levels.

You collected 111 gold pieces.

Inventory:

Hand Weapons
 a - a +0 hand axe (weapon)
 m - a +0 spear
Armour
 b - a +0 animal skin
 d - a +0 ring mail of fire resistance (worn)
 l - a +0 pair of boots (worn)
Jewellery
 k - a +3 ring of intelligence {unknown}
Wands
 n - a wand of flame (9)
Scrolls
 f - 2 scrolls of remove curse {unknown}
 h - a scroll of teleportation {unknown}
 j - 2 scrolls of noise {unknown}
 r - a scroll of amnesia {unknown}
Potions
 e - 2 potions of heal wounds {unknown}
 g - a potion of curing {unknown}
 i - a potion of invisibility {unknown}
 p - a potion of might {unknown}
 q - a potion of agility {unknown}
Comestibles
 c - 4 rations
 o - 4 chunks of flesh


   Skills:
 + Level 3.9 Fighting
 + Level 4.7 Axes
 + Level 3.0 Armour
 - Level 1.9 Dodging


You had 4 spell levels left.
You didn't know any spells.
Your spell library was empty.

Dungeon Overview and Level Annotations

Branches:
Dungeon (3/15)

Altars:

Annotations:
D:3 Ijyb


Innate Abilities, Weirdness & Mutations

You have sharp fingernails.
You have hoof-like feet.
You regenerate a little health from kills.


Message History

You are too injured to fight recklessly!
You are too injured to fight recklessly!
You are too injured to fight recklessly!
You are too injured to fight recklessly!
You are too injured to fight recklessly!
Unknown command.
Your skin crawls.
You feel resistant to hostile enchantments.
You are feeling hungry.
Ijyb hits you with a +2 dagger of holy wrath.
* * * LOW HITPOINT WARNING * * *
You convulse.
* * * LOW HITPOINT WARNING * * *
A red film seems to cover your vision as you go berserk!
You feel yourself moving faster!
You feel mighty!
You are feeling very hungry.
Ijyb zaps a wand.
The bolt of acid hits you!
* * * LOW HITPOINT WARNING * * *
You are splashed with acid!
You die...

#.. .......................#
#.####.####.####.####.####.#
#.#.⌠#.#..+.'..#.#..'.'..#.#
#.#..#.#..#.#..#.#).#.#..#.#
#.#'##.#'##.#+##.#'##.#'##.#
#................(.........#
#.#'##.#'##.#+##.#'##.#'##.#
#.#..#.#÷.#.#.g#.#.÷#.#..#.#
#.#..'.+..#.#.)@.'..#.#.⌠#.#
#)####.####.####.####.####.#
#..........................#
##.##########################
#...## ####.# ###..###....#
##.##..###### ###....###....
##......##..#


You could see Ijyb.

Vanquished Creatures
  Terence (D:1)
  Natasha (thrice) (D:2)
  Robin (D:2)
  3 adders
  An adder zombie (D:1)
  A worm (D:2)
  2 dart slugs (D:1)
  A leopard gecko (D:3)
  2 orcs
  3 ball pythons
  6 bats
  4 giant cockroaches
  13 goblins
  14 hobgoblins
  9 kobolds
  A ball python zombie (D:1)
  5 frilled lizards
  8 rats
78 creatures vanquished.

Notes
Turn   | Place    | Note
-------+----------+-------------------------------------------
     0 | D:1      | Tango the Demonspawn Berserker began the quest for the Orb.
     0 | D:1      | Reached XP level 1. HP: 18/18 MP: 1/1
   262 | D:1      | Gained mutation: You regenerate a little health from kills.
                  | [demonic ancestry]
   262 | D:1      | Reached XP level 2. HP: 23/24 MP: 2/2
   288 | D:1      | Reached skill level 3 in Axes
   484 | D:1      | Reached ** piety under Trog
   564 | D:1      | Gained mutation: You have sharp fingernails. [demonic
                  | ancestry]
   564 | D:1      | Reached XP level 3. HP: 29/29 MP: 3/3
  1195 | D:2      | Noticed Robin
  1195 | D:2      | Noticed Terence
  1265 | D:1      | Killed Terence
  1265 | D:1      | Gained mutation: You have large cloven feet. [demonic
                  | ancestry]
  1265 | D:1      | Reached XP level 4. HP: 26/35 MP: 4/4
  1409 | D:2      | Killed Robin
  1455 | D:2      | Noticed Natasha
  1463 | D:2      | Killed Natasha
  1463 | D:2      | Reached skill level 4 in Axes
  1552 | D:2      | Noticed Natasha
  1568 | D:2      | Killed Natasha
  1568 | D:2      | Gained mutation: You have hoof-like feet. [demonic
                  | ancestry]
  1568 | D:2      | Reached XP level 5. HP: 10/42 MP: 5/5
  1704 | D:2      | Noticed Natasha
  1717 | D:2      | Killed Natasha
  2208 | D:3      | Reached *** piety under Trog
  2322 | D:3      | Noticed Ijyb
  2331 | D:3      | Splashed by Ijyb's acid

Skill      XL: |  1  2  3  4  5 |
---------------+----------------+-----
Axes           | 3 4 |  4.7
Armour         | 2 3 |  3.0
Fighting       | |  3.9
Dodging        | |  1.9

Action                   |  1- 3 |  4- 6 || total
-------------------------+-------+-------++-------
Melee: Hand axe          |   150 |   134 ||   284
Invok: Berserk           |       |     2 ||     2
       Trog's Hand       |       |     2 ||     2
  Eat: Chunk             |     1 |     5 ||     6
Armor: Ring mail         |    53 |    43 ||    96
       Animal skin       |     1 |       ||     1
Dodge: Dodged            |    92 |    72 ||   164
